 Dungeon Crawl Stone Soup version 0.29.1-12-g30fa7ad0bf (webtiles) character file.

Game seed: 2427443559156167588

7179 Sanktem7 the Fighter (level 10, -3/103 HPs)
             Began as a Minotaur Fighter on Jan 6, 2023.
             Was a High Priest of Okawaru.
             Slain by a fire elemental (8 damage)
             ... summoned by a deep elf pyromancer
             ... on level 12 of the Dungeon.
             The game lasted 00:19:21 (10329 turns).

Sanktem7 the Fighter (Minotaur Fighter)            Turns: 10329, Time: 00:19:21

Health: -3/103     AC: 27    Str: 32    XL:     10   Next: 86%
Magic:  9/9        EV:  7    Int:  9    God:    Okawaru [*****.]
Gold:   452        SH:  4    Dex: 10    Spells: 9/9 levels left

rFire   . . .      SeeInvis .   J - +10 scimitar of Joyful Slaughter {protect, rN+ Str+3, long}
rCold   . . .      Faith    .   c - +0 buckler
rNeg    + . .      Spirit   .   S - +0 plate armour
rPois   .          Reflect  .   (helmet restricted)
rElec   .          Harm     .   E - +2 cloak
rCorr   .          Rampage  .   L - +2 pair of gloves
Will    .....      Clarity  +   (no boots)
Stlth   ..........              B - amulet of the acrobat
HPRegen 0.27/turn               H - ring of flight
MPRegen 0.11/turn               D - +6 ring of strength

@: under a protective aura, flying
A: horns 2, retaliatory headbutt, talons 1, clarity, clever 1
a: Renounce Religion, Heroism, Finesse, Duel


You were on level 12 of the Dungeon.
You worshipped Okawaru.
Okawaru was extremely pleased with you.
You visited 2 branches of the dungeon, and saw 11 of its levels.
You also visited: Sewer.

You collected 452 gold pieces.


Innate Abilities, Weirdness & Mutations

You have a pair of horns on your head.
You reflexively headbutt those who attack you in melee.
You have sharp toenails.
You possess an exceptional clarity of mind.
Your mind is acute. (Int +4, Str/Dex -1)


   Skills:
 * Level 14.3 Fighting
 + Level 6.1 Long Blades
 - Level 11.0 Axes
 - Level 8.0 Armour
 - Level 3.6 Shields


You had 9 spell levels left.
You didn't know any spells.
Your spell library contained the following spells:

 Spells                   Type           Power      Damage    Failure   Level
 Shock                    Conj/Air       0%         1d3       98%         1
 Swiftness                Air            0%         N/A       100%        3
 Airstrike                Air            0%         2d(0-16)  100%        4

Inventory:

Hand Weapons
 J - the +10 scimitar of Joyful Slaughter (weapon) {protect, rN+ Str+3, long}
   (You found it on level 8 of the Dungeon)

   It grants its wielder temporary protection when it strikes (+7 to AC).
   Str:       It affects your strength (+3).
   rN:        It protects you from negative energy.
 R - a +1 morningstar {mace}
   (You took it off a wight on level 9 of the Dungeon)
Missiles
 l - 14 poisoned darts (quivered) {throwing}
 m - 2 atropa-tipped darts {throwing}
 n - a curare-tipped dart {=fthrowing}
 y - a silver boomerang {throwing}
 z - 9 boomerangs {throwing}
Armour
 c - a +0 buckler (worn)
 E - a +2 cloak (worn)
   (You took it off Crazy Yiuf on level 3 of the Dungeon)
 L - a +2 pair of gloves (worn)
   (You found it on level 6 of the Dungeon)
 S - a +0 plate armour (worn)
   (You took it off an orc warrior on level 9 of the Dungeon)
Jewellery
 B - an amulet of the acrobat (around neck)
   (You found it on level 3 of the Dungeon)
 D - a +6 ring of strength (right hand)
   (You found it on level 8 of the Dungeon)
 F - a ring of protection from fire
   (You found it on level 5 of the Dungeon)
 H - a ring of flight (left hand)
   (You found it on level 6 of the Dungeon)
 K - a ring of see invisible
   (You found it on level 6 of the Dungeon)
Wands
 G - a wand of iceblast (6)
   (You found it on level 5 of the Dungeon)
 M - a wand of flame (35)
   (You took it off Maggie on level 7 of the Dungeon)
Scrolls
 g - 3 scrolls of immolation {!r!r}
 i - 4 scrolls of teleportation {@r4}
 o - 6 scrolls of vulnerability {!r!r}
 p - 2 scrolls of fog
 r - 2 scrolls of fear
 s - 2 scrolls of poison {!r}
 u - 4 scrolls of noise {!r}
 O - 2 scrolls of blinking {!r}
Potions
 b - 2 potions of haste {@q3}
 d - 3 potions of might
 e - a potion of magic {unknown}
 f - 2 potions of attraction {!q}
 k - 2 potions of degeneration {!q@e2}
 q - a potion of flight
 v - 6 potions of curing {@q1}
 A - a potion of lignification {unknown}
 C - 2 potions of brilliance
 I - a potion of invisibility {unknown}
 N - a potion of ambrosia {unknown}
Miscellaneous
 Q - a piece from Xom's chessboard (15/15)
   (You found it on level 9 of the Dungeon)

Dungeon Overview and Level Annotations

Branches:
Dungeon (9/15) Zot: 26921  Temple (1/1) D:6 Zot: 5838    Lair (0/5) D:9
    Orc (0/2) D:9           Sewer (visited)

Altars:
Ashenzari
Dithmenos
Elyvilon
Hepliaklqana
Kikubaaqudgha
Makhleb
Nemelex Xobeh
Okawaru
Qazlal
Ru
Sif Muna
Trog
Vehumet
Wu Jian
Xom
Yredelemnul
Zin

Shops:
D:7

( ###+####
############...○..#
#.e.○E@E...'......#
#.....##########......#
...## #......# #
#......# #...9..#
#......# ###'#### #e#
##.#


You could see a deep elf pyromancer and 2 fire elementals.


Message History

😕 HP[+1]
You see here a +0 mace {mace}.
You barely miss the deep elf pyromancer.
You claw the deep elf pyromancer.
Your headbutt misses the deep elf pyromancer.
The deep elf pyromancer points at you and mumbles some strange words.
The sticky flame hits you but does no damage.
You are covered in liquid flames! 😕 HP[+1]
You closely miss the deep elf pyromancer.
Your kick misses the deep elf pyromancer.
You headbutt the deep elf pyromancer!
You are covered in liquid flames!
The deep elf pyromancer casts a spell at you.
The sticky flame hits you but does no damage.
You are covered in liquid flames! 😕 HP[-2]
You take 2 damage, and now have 96/103 hp.
You closely miss the deep elf pyromancer.
Your headbutt misses the deep elf pyromancer.
You are covered in liquid flames!
The deep elf pyromancer hits you but does no damage. 😕 HP[-8]
You take 8 damage, and now have 88/103 hp.
You barely miss the deep elf pyromancer.
You claw the deep elf pyromancer. You headbutt the deep elf pyromancer!
You are covered in liquid flames!
The deep elf pyromancer gestures wildly while chanting.
The deep elf pyromancer barely misses you. 😕 HP[-5]
You take 5 damage, and now have 83/103 hp.
You closely miss the deep elf pyromancer.
Your kick misses the deep elf pyromancer.
You are covered in liquid flames!
The fire elemental hits you. The fire elemental burns you!
The deep elf pyromancer mumbles some strange words.
The deep elf pyromancer blinks! 😮 HP[-9]
You take 9 damage, and now have 74/103 hp.
Unknown command.
You slash the fire elemental!
Your weapon exudes an aura of protection.
You claw the fire elemental!
You are covered in liquid flames!
You are no longer on fire.
You block the fire elemental's attack. 😮 HP[-2]
You take 2 damage, and now have 72/103 hp.
You slice the fire elemental!!
You destroy the fire elemental!
The fire elemental disappears in a puff of smoke!
The fire elemental hits you. The fire elemental burns you!
The deep elf pyromancer mumbles some strange words.
The fire elemental hits you. The fire elemental burns you! 😮 HP[-7]
You take 7 damage, and now have 65/103 hp.
The deep elf pyromancer barely misses you.
You see here a +0 mace {mace}. 😮 HP[+1]
You miss the deep elf pyromancer. You claw the deep elf pyromancer.
The fire elemental hits you. The fire elemental burns you!
The deep elf pyromancer casts a spell at you.
The sticky flame hits you!
You are covered in liquid flames!
The fire elemental hits you. The fire elemental burns you!
* * * LOW HITPOINT WARNING * * *
😨 HP[-16]
You take 16 damage, and now have 50/103 hp.
You hit the deep elf pyromancer.
Your kick misses the deep elf pyromancer.
You headbutt the deep elf pyromancer.
You are covered in liquid flames!
* * * LOW HITPOINT WARNING * * *
The fire elemental disappears in a puff of smoke!
The fire elemental hits you. The fire elemental burns you!
* * * LOW HITPOINT WARNING * * *
The deep elf pyromancer gestures wildly while chanting.
The deep elf pyromancer blinks! 😨 HP[-17]
You take 17 damage, and now have 33/103 hp.
You slash the fire elemental! Your kick misses the fire elemental.
You are covered in liquid flames!
* * * LOW HITPOINT WARNING * * *
You are no longer on fire.
You block the fire elemental's attack. x2
The deep elf pyromancer points at you and mumbles some strange words.
The bolt of fire hits the fire elemental.
The fire elemental completely resists.
The bolt of fire hits you!!
* * * LOW HITPOINT WARNING * * *
The bolt of fire hits the fire elemental.
The fire elemental completely resists.
The fire elemental hits you. The fire elemental burns you!
* * * LOW HITPOINT WARNING * * *
😱 HP[-30]
You take 30 damage, and now have 3/103 hp.
MASSIVE DAMAGE!! (PAUSE)
You feel better. The fire elemental hits you. The fire elemental burns you!
* * * LOW HITPOINT WARNING * * *
The fire elemental hits you. The fire elemental burns you!
You die...

Skill      XL: |  1  2  3  4  5  6  7  8  9 10 |
---------------+-------------------------------+-----
Fighting       | 4 5 6 7 9 11 14 | 14.3
Axes           | 3 4 5 6 7 9 11 | 11.0
Armour         | 4 5 6 7 8 |  8.0
Long Blades    | 2 6 |  6.1
Shields        | |  3.6

Action                   |  1- 3 |  4- 6 |  7- 9 | 10-12 || total
-------------------------+-------+-------+-------+-------++-------
Melee: War axe           |    62 |   114 |    86 |       ||   262
       Headbutt          |     6 |    15 |    47 |    29 ||    97
       Long sword        |       |       |   183 |       ||   183
       Kick              |       |       |    27 |    40 ||    67
       Scimitar          |       |       |    15 |   119 ||   134
  Use: Scroll            |       |     7 |    15 |     2 ||    24
       Potion            |       |       |     2 |     1 ||     3
Armor: Scale mail        |    33 |    45 |       |       ||    78
       Chain mail        |       |    15 |   266 |    79 ||   360
       Plate armour      |       |       |       |    23 ||    23
Dodge: Dodged            |    28 |    60 |   195 |    69 ||   352
Block: Buckler           |    15 |    25 |    80 |    31 ||   151

Levels and vault maps discovered:
D:1:      dpeg_arrival_concentric_ovals, layout_basic,
          chequers_ecumenical_altar_island, minmay_misc_feat_plants, minivault_5
D:2:      layout_basic, basic_altar, minmay_3d_cube, uniq_robin
D:3:      layout_loops_cross, portal_sewer_entry_a, minivault_11, uniq_jessica,
          uniq_crazy_yiuf_cottage
D:4:      layout_gridville, grunt_temple_overflow_open, st_stairs_14
D:5:      layout_rooms, uniq_menkaure
D:6:      corexii_shantytown, layout_basic, evilmike_ruin_ashenzari,
          minmay_temple_entry_statues_fountains
D:7:      layout_cave_pools, serial_shops, nicolae_shop_window_shopping,
          uniq_maggie
D:8:      layout_basic, nicolae_hepliaklqana_hazy_memory, minmay_holes,
          minmay_tree_intersection, nicolae_benzene_ring,
          nicolae_looking_at_the_future
D:9:      layout_cave_pools, mainiacjoe_overflow_tiny_flanked,
          david_lair_generic, kennysheep_orc_monster_closet_entryway,
          serial_column_ruins, column_ruins_hut, column_ruins_hut,
          column_ruins_corridor_straight, column_ruins_open_large,
          column_ruins_open_large, column_ruins_grid_3
D:12:     layout_roguey, lemuel_freeze_loot_1
Temple:   minmay_temple_forest_path

Notes
Turn   | Place    | Note
-------+----------+-------------------------------------------
     0 | D:1      | Sanktem7 the Minotaur Fighter began the quest for the Orb.
     0 | D:1      | Reached XP level 1. HP: 19/19 MP: 0/0
     0 | D:1      | magus.rc [v1.9.6]
   376 | D:1      | Found a faded altar of an unknown god.
   561 | D:1      | Reached XP level 2. HP: 27/27 MP: 1/1
   625 | D:1      | Reached skill level 4 in Fighting
   630 | D:1      | Reached skill level 3 in Axes
  1075 | D:2      | Noticed Robin
  1089 | D:2      | Killed Robin
  1090 | D:2      | Reached skill level 4 in Armour
  1090 | D:2      | Reached XP level 3. HP: 20/34 MP: 2/2
  1242 | D:2      | Found a hazy altar of Hepliaklqana.
  1720 | D:2      | Reached XP level 4. HP: 35/41 MP: 3/3
  1868 | D:3      | Found a glowing drain.
  1878 | D:3      | Noticed Jessica
  1882 | D:3      | Killed Jessica
  1883 | D:3      | Reached skill level 5 in Fighting
  1883 | D:3      | Reached skill level 4 in Axes
  1893 | Sewer    | Entered a sewer
  1978 | Sewer    | Reached XP level 5. HP: 32/48 MP: 4/4
  2863 | D:3      | You pick up a book of Air and begin reading...
  2863 | D:3      | You add the spells Shock, Swiftness and Airstrike to your
                  | library.
  3247 | D:3      | Found a runed translucent door.
  3248 | D:3      | Noticed Crazy Yiuf
  3499 | D:3      | Killed Crazy Yiuf
  3500 | D:3      | Reached skill level 5 in Axes
  3838 | D:4      | Found a shimmering altar of Xom.
  3851 | D:4      | Found a glowing silver altar of Zin.
  3851 | D:4      | Found a basalt altar of Yredelemnul.
  3851 | D:4      | Found a sparkling altar of Nemelex Xobeh.
  3851 | D:4      | Found an ancient bone altar of Kikubaaqudgha.
  3853 | D:4      | Found a sacrificial altar of Ru.
  3853 | D:4      | Found a burning altar of Makhleb.
  4563 | D:5      | Entered Level 5 of the Dungeon
  4570 | D:5      | Reached skill level 6 in Fighting
  4570 | D:5      | Reached XP level 6. HP: 57/57 MP: 5/5
  4744 | D:5      | Reached skill level 5 in Armour
  4950 | D:5      | Noticed Menkaure
  4957 | D:5      | HP: 10/58 [Menkaure/nerve-wracking pain (14)]
  4958 | D:5      | Killed Menkaure
  4959 | D:5      | Reached skill level 6 in Axes
  4959 | D:5      | Reached XP level 7. HP: 11/64 MP: 6/6
  5347 | D:5      | Reached skill level 7 in Fighting
  5555 | D:5      | Gained mutation: You possess an exceptional clarity of
                  | mind. [potion of mutation]
  5555 | D:5      | Gained mutation: You have hidden genetic potential. [potion
                  | of mutation]
  6001 | D:6      | Found a staircase to the Ecumenical Temple.
  6015 | D:6      | Reached skill level 7 in Axes
  6083 | Temple   | Entered the Ecumenical Temple
  6205 | Temple   | Became a worshipper of Warmaster Okawaru
  6277 | D:6      | Reached skill level 6 in Armour
  6277 | D:6      | Reached XP level 8. HP: 60/74 MP: 7/7
  6400 | D:6      | Found a broken altar of Ashenzari.
  6416 | D:6      | Reached skill level 8 in Fighting
  6448 | D:6      | Gained mutation: Your mind is acute. (Int +4, Str/Dex -1)
                  | [hidden potential]
  6866 | D:6      | Reached skill level 8 in Axes
  7010 | D:7      | Reached * piety under Okawaru
  7048 | D:7      | Reached skill level 9 in Fighting
  7059 | D:7      | HP: 17/78 [poisoned by a killer bee]
  7059 | D:7      | HP: 3/78 [killer bee (6)]
  7376 | D:7      | Reached skill level 9 in Axes
  7376 | D:7      | Reached skill level 7 in Armour
  7549 | D:7      | Found Meac's Antique Weapon Shop.
  7575 | D:7      | Noticed Maggie
  7585 | D:7      | Reached XP level 9. HP: 84/85 MP: 8/8
  7598 | D:7      | Killed Maggie
  7607 | D:7      | Gained mutation: You have sharp toenails. [hidden
                  | potential]
  7607 | D:7      | Lost mutation: You have hidden genetic potential. [hidden
                  | potential expressed]
  7883 | D:7      | Reached ** piety under Okawaru
  7884 | D:7      | Reached skill level 10 in Fighting
  8257 | D:8      | Noticed a queen bee
  8271 | D:8      | Killed a queen bee
  8272 | D:8      | Reached skill level 10 in Axes
  8299 | D:8      | Reached skill level 8 in Armour
  8533 | D:8      | Reached skill level 11 in Fighting
  8582 | D:8      | Reached skill level 11 in Axes
  8645 | D:8      | Found a hazy altar of Hepliaklqana.
  8778 | D:8      | Identified the +10 scimitar of Joyful Slaughter {protect,
                  | rN+ Str+3}
  9045 | D:8      | Reached skill level 1 in Long Blades
  9046 | D:8      | Reached *** piety under Okawaru
  9352 | D:9      | Reached skill level 2 in Long Blades
  9352 | D:9      | Reached XP level 10. HP: 97/97 MP: 9/9
  9365 | D:9      | Reached skill level 12 in Fighting
  9551 | D:9      | Found a staircase to the Orcish Mines.
  9570 | D:9      | Reached skill level 3 in Long Blades
  9580 | D:9      | Reached **** piety under Okawaru
  9611 | D:9      | Reached skill level 4 in Long Blades
  9735 | D:9      | Reached skill level 13 in Fighting
 10107 | D:9      | Reached skill level 5 in Long Blades
 10166 | D:9      | Noticed a centaur warrior
 10171 | D:9      | Killed a centaur warrior
 10202 | D:9      | Reached skill level 14 in Fighting
 10211 | D:9      | Found a staircase to the Lair.
 10253 | D:9      | You are sucked into a shaft and drop 3 floors!
 10280 | D:12     | Noticed a deep elf pyromancer
 10280 | D:12     | Noticed a gargoyle
 10315 | D:12     | Killed a gargoyle
 10315 | D:12     | Reached ***** piety under Okawaru
 10316 | D:12     | Reached skill level 6 in Long Blades
 10328 | D:12     | HP: 6/103 [deep elf pyromancer/bolt of fire (24)]
 10329 | D:12     | Slain by a fire elemental

Vanquished Creatures
  A centaur warrior (D:9)
  A gargoyle (D:12)
  Maggie (D:7)
  A troll (D:9)
  A queen bee (D:8)
  2 shadows (D:9)
  2 wyverns
  A basilisk (D:9)
  A steam dragon (D:7)
  Menkaure (D:5)
  An acid dragon (D:9)
  A water moccasin (D:7)
  4 orc warriors (D:9)
  An ice beast (D:6)
  A black bear (D:9)
  5 centaurs
  5 ogres (D:9)
  3 kobold brigands
  4 bullfrogs
  A necrophage (D:6)
  2 scorpions (D:5)
  4 gnoll sergeants
  4 wights (D:9)
  22 killer bees
  A howler monkey (D:6)
  A jelly (D:5)
  Crazy Yiuf (D:3)
  4 hounds
  4 orc priests
  Jessica (D:3)
  4 iguanas
  5 orc wizards
  Robin (D:2)
  9 gnolls
  2 river rats
  7 adders
  2 shadow imps
  3 white imps
  2 ufetubi
  8 dart slugs
  29 orcs
  7 ball pythons
  4 endoplasms
  5 giant cockroaches
  18 goblins
  13 hobgoblins
  11 kobolds
  2 quokkas
  3 bats
  8 frilled lizards
  8 rats
233 creatures vanquished.

Vanquished Creatures (others)
  An electric eel (D:12)
  16 plants (D:8)
17 creatures vanquished.

Grand Total: 250 creatures vanquished

Table legend:
 A = Non-vault XP
 B = Vault XP
 C = Vault XP percentage of total XP
 D = Non-vault monster count
 E = Vault monster count
 F = Vault count percentage of total count
                 A         B        C        D         E       F
            +---------+---------+-------+---------+---------+-------
      Total |    5253 |    5003 |  48.8 |     133 |     100 |  42.9
            +---------+---------+-------+---------+---------+-------
        D:1 |      24 |       0 |   0.0 |      12 |       0 |   0.0
        D:2 |      39 |      36 |  48.0 |      15 |      11 |  42.3
        D:3 |      78 |      97 |  55.4 |      17 |       5 |  22.7
        D:4 |      17 |       2 |  10.5 |       7 |       1 |  12.5
        D:5 |     388 |     172 |  30.7 |      10 |       1 |   9.1
        D:6 |     771 |      96 |  11.1 |      19 |      28 |  59.6
        D:7 |    1209 |     379 |  23.9 |      15 |       1 |   6.2
        D:8 |     773 |    1095 |  58.6 |      19 |      14 |  42.4
        D:9 |    1520 |    3048 |  66.7 |      18 |      24 |  57.1
       D:12 |     434 |       0 |   0.0 |       1 |       0 |   0.0
      Sewer |       0 |      78 | 100.0 |       0 |      15 | 100.0
            +---------+---------+-------+---------+---------+-------

Illustrated notes

Table legend:
 A = Kills in this place as a percentage of kills in entire the game.
 B = Kills by you in this place as a percentage of kills by you in the entire game.
 C = Kills by friends in this place as a percentage of kills by friends in the entire game.
 D = Other kills in this place as a percentage of other kills in the entire game.
 E = Experience gained in this place as a percentage of experience gained in the entire game.
 F = Experience gained in this place divided by the number of levels of this place that you have seen.
                   A       B       C       D       E      F
               +-------+-------+-------+-------+-------+----------------------
         Total | 100.0 | 100.0 |   N/A |   N/A | 100.0 | 854.7
       Dungeon |  93.6 |  93.6 |   N/A |   N/A |  99.2 | 1017.8
         Sewer |   6.4 |   6.4 |   N/A |   N/A |   0.8 |  78.0
               +-------+-------+-------+-------+-------+----------------------

Table legend: (Time is in decaauts)
 A = Elapsed time spent in this place.
 B = Non-inter-level travel time spent in this place.
 C = Inter-level travel time spent in this place.
 D = Time resting spent in this place.
 E = Time spent auto-exploring this place.
 F = Levels seen in this place.
 G = Mean time per level.
                   A        B        C        D        E       F      G
               +--------+--------+--------+--------+--------+-----+--------+
         Total |  10549 |  10320 |    229 |    466 |   8292 |  12 |  879.1 |
       Dungeon |   9752 |   9561 |    191 |    466 |   7683 |  10 |  975.2 |
        Temple |    161 |    123 |     38 |      0 |    106 |   1 |  161.0 |
         Sewer |    634 |    634 |      0 |      0 |    503 |   1 |  634.0 |
               +--------+--------+--------+--------+--------+-----+--------+

Top non-repeatable levels by time:
     D:6: 1526 daAuts
     D:3: 1366 daAuts
     D:8: 1128 daAuts
     D:1: 1061 daAuts
     D:9: 1038 daAuts
     D:5: 1004 daAuts
     D:7: 949 daAuts
     D:2: 803 daAuts
     D:4: 795 daAuts
   Sewer: 634 daAuts
  Temple: 161 daAuts
    D:12: 77 daAuts
